 Seeded DCSS version 0.32-a0-755-g6ff4911 (webtiles) character file.

Game seed: 8190980314326217096 (custom seed)

46 edsrzf the Chopper (level 3, -2/32 HPs)
             Began as a Naga Warper on Mar 17, 2024.
             Slain by an orc
             ... wielding a +0 hand axe
              (5 damage)
             ... on level 3 of the Dungeon.
             The game lasted 00:02:53 (940 turns).

edsrzf the Chopper (Naga Warper)                     Turns: 940, Time: 00:02:54

Health: -2/32      AC:  2    Str: 13 (15) XL:     3   Next: 68%
Magic:  6/6        EV:  8    Int: 11 (13) God:
Gold:   60         SH:  0    Dex: 13 (16) Spells: 6/6 levels left

rFire   + . .        a - +0 hand axe
rCold   + . .        (no shield)
rNeg    . . .        b - +0 leather armour
rPois   +            (no helmet)
rElec   +            (no cloak)
rCorr   +            (no gloves)
SInv    +            (no barding)
Will    .....        (no amulet)
Stlth   +            p - +6 ring of dexterity
HPRegen 0.25/turn    (no ring)
MPRegen 0.10/turn

%: no passive effects
@: resistant, very slow
A: AC +1, large, see invisible, deformed body, poison resistance, slowness 2,
spit poison 1, naga tail 1, stinger 1
a: Spit Poison


You were on level 3 of the Dungeon.
You visited 1 branch of the dungeon, and saw 3 of its levels.

You collected 60 gold pieces.

Inventory:

Hand Weapons
 a - a +0 hand axe (weapon)
Missiles
 d - 7 darts of dispersal
 h - 5 poisoned darts
 n - 3 boomerangs
Armour
 b - a +0 leather armour (worn)
Jewellery
 p - a +6 ring of dexterity (left hand)
Scrolls
 c - a scroll of blinking
 f - a scroll of poison {unknown}
 i - 2 scrolls of teleportation {unknown}
 j - a scroll of silence {unknown}
 k - a scroll of identify {unknown}
 l - a scroll of summoning {unknown}
Potions
 m - a potion of resistance
 o - a potion of curing {unknown}


   Skills:
 - Level 2.0 Fighting
 + Level 3.9 Axes
 - Level 0.8 Throwing
 - Level 0.7 Armour
 - Level 1.5 Dodging
 - Level 2.0 Spellcasting
 - Level 3.0 Translocations


You had 6 spell levels left.
You didn't know any spells.
Your spell library contained the following spells:

 Spells                   Type           Power      Damage    Failure   Level
 Blink                    Tloc           14%        N/A       16%         2
 Lesser Beckoning         Tloc           14%        N/A       16%         2
 Teleport Other           Tloc           7%         N/A       32%         3
 Manifold Assault         Tloc           7%         N/A       71%         4
 Tukima's Dance           Hex            1%         N/A       73%         3
 Dimensional Bullseye     Hex/Tloc       2%         N/A       89%         4
 Iskenderun's Mystic Bla  Conj/Tloc      4%         2d3       89%         4
 Vhi's Electric Charge    Tloc/Air       8%         N/A       89%         4


Dungeon Overview and Level Annotations

Branches:
Dungeon (2/15)

Altars:


Innate Abilities, Weirdness & Mutations

Your serpentine skin is tough. (AC +1)
You have supernaturally acute eyesight. (SInv)
Armour fits poorly on your strangely shaped body.
Your system is resistant to poisons. (rPois)
You cover ground very slowly.
You can spit poison.
You have a snake-like lower body.
Your tail ends in a venomous barb.


Message History

You kill the endoplasm!
You feel agile.
p - a +6 ring of dexterity (left hand)
You open the door.
There is an open door here.
There is an open door here.
You open the door.
A bat comes into view.
A malevolent force fills the Dungeon...
You fall into a shaft and drop 1 floor!
The shaft crumbles and collapses.
A bat and an orc come into view.
The orc shouts!
You hear a shout! x2
An adder comes into view.
There are monsters nearby!
You barely miss the bat. The bat barely misses you.
An orc comes into view. It is wielding a +0 hand axe.
You slash the bat!
You kill the bat!
The adder hisses angrily.
You hit the orc.
The orc is moderately wounded.
The orc hits you with a +0 club.
You hit the orc but do no damage.
The orc is moderately wounded.
The orc hits you with a +0 club. x2
You hit the orc.
The orc is severely wounded.
The orc hits you with a +0 club.
You hit the orc.
The orc is almost dead.
The orc closely misses you.
Okay, then.
You closely miss the orc.
The orc is almost dead.
The orc hits you but does no damage.
You hit the orc.
You kill the orc!
The adder bites you but does no damage.
Okay, then.
Aiming: Spit Poison (2% risk of failure)
Press: ? - help, Shift-Dir - straight line, f - adder
Aim: an adder (37% to hit)
The splash of poison misses the adder.
The splash of poison misses the orc.
The adder bites you.
Unknown command.
You hit the adder.
The adder is lightly wounded.
The adder bites you but does no damage. The adder barely misses you.
You hit the adder.
The adder is moderately wounded.
You have got your breath back.
The adder bites you but does no damage.
You hit the adder but do no damage.
The adder is moderately wounded.
The adder barely misses you.
You hit the adder.
The adder is heavily wounded.
The adder bites you but does no damage. The adder closely misses you.
You closely miss the adder.
The adder is heavily wounded.
The adder bites you.
You hit the adder.
The adder is almost dead.
The adder bites you but does no damage. The adder closely misses you.
You barely miss the adder.
The adder is almost dead.
The adder barely misses you.
You slash the adder!
You kill the adder!
You closely miss the orc. The orc barely misses you.
You closely miss the orc. The orc hits you but does no damage.
You hit the orc but do no damage. The orc hits you with a +0 hand axe.
You closely miss the orc. The orc hits you with a +0 hand axe.
You closely miss the orc. The orc hits you with a +0 hand axe.
You hit the orc.
The orc is lightly wounded.
The orc hits you with a +0 hand axe.
* * * LOW HITPOINT WARNING * * *
An orc comes into view. It is wielding a +0 short sword.
The orc shouts!
You hit the orc but do no damage.
The orc is lightly wounded.
You hear a shout!
The orc closely misses you. The orc hits you with a +0 hand axe.
* * * LOW HITPOINT WARNING * * *
An orc comes into view. It is wielding a +0 mace.
It was a potion of resistance.
You feel protected. The orc hits you with a +0 hand axe.
* * * LOW HITPOINT WARNING * * *
It was a potion of mutation.
You feel extremely strange.
A venomous barb forms on the end of your tail.
The orc closely misses you.
An orc comes into view. It is wielding a +0 dagger.
It was a potion of degeneration.
There was something very wrong with that liquid.
You feel weakened.
You feel dopey.
You feel clumsy. The orc hits you with a +0 hand axe.
You die...

#####.##.#
#........#
#@#####..#
#o# ###o#
#.oo#
#.### #S.#
.....
....o.##
#.###.###


You could see 4 orcs.

Vanquished Creatures
  2 adders
  A dart slug (D:1)
  An orc (D:3)
  A ball python (D:1)
  3 bats
  2 endoplasms
  5 goblins
  3 jackals (D:1)
  A kobold (D:1)
  A quokka (D:1)
  3 frilled lizards (D:1)
  A rat (D:1)
24 creatures vanquished.

Notes
Turn   | Place    | Note
-------+----------+-------------------------------------------
     0 | D:1      | edsrzf the Naga Warper began the quest for the Orb.
     0 | D:1      | Reached XP level 1. HP: 19/19 MP: 3/3
   195 | D:1      | Reached XP level 2. HP: 26/26 MP: 5/5
   291 | D:1      | Reached skill level 3 in Axes
   759 | D:2      | Reached XP level 3. HP: 27/32 MP: 6/6
   903 | D:2      | You fall into a shaft and drop 1 floor!
   938 | D:3      | Identified 2 potions of resistance
   939 | D:3      | Identified a potion of mutation
   939 | D:3      | Gained mutation: Your tail ends in a venomous barb. [potion
                  | of mutation]
   940 | D:3      | Identified a potion of degeneration
   940 | D:3      | Slain by an orc

Illustrated notes

Levels and vault maps discovered:
D:1:      dpeg_arrival_shelter, layout_basic
D:2:      layout_basic, grunt_ministairs_12, feat_on_display
D:3:      layout_rooms, zin_purify, mainiacjoe_overflow_brackets,
          minmay_liquid_box, uniq_ijyb

Skill      XL: |  1  2 |
---------------+-------+-----
Axes           | 3 |  3.9
Fighting       | |  2.0
Throwing       | |  0.8
Armour         | |  0.7
Dodging        | |  1.5
Spellcasting   | |  2.0
Translocations | |  3.0

Action                     || total
---------------------------++-------
  Melee: Hand axe          ||    87
Ability: Spit Poison       ||     4
    Use: Potion            ||     3
 Armour: Leather armour    ||    73
  Dodge: Dodged            ||    37

Table legend: (Time is in decaauts)
 A = Elapsed time spent in this place.
 B = Non-inter-level travel time spent in this place.
 C = Inter-level travel time spent in this place.
 D = Time resting spent in this place.
 E = Time spent auto-exploring this place.
 F = Levels seen in this place.
 G = Mean time per level.
                   A        B        C        D        E       F      G
               +--------+--------+--------+--------+--------+-----+--------+
         Total |   1205 |   1183 |     22 |    102 |    812 |   3 |  401.7 |
       Dungeon |   1205 |   1183 |     22 |    102 |    812 |   3 |  401.7 |
               +--------+--------+--------+--------+--------+-----+--------+

Top non-repeatable levels by time:
     D:1: 977 daAuts
     D:2: 185 daAuts
     D:3: 42 daAuts
